AoeStats
← AK

Black Forest

510536856Analyzed
4v4 RM · 15h ago on Oct 1, 2026· 74m 38s· 8 players
Game mode
Random Map
Map size
Large (8 player)
Population
200
Speed
Normal
Resources
Standard
Victory
Conquest
Starting age
Dark Age
Ending age
Imperial Age
RankedLock teamsTeams togetherTeam positionsShared explorationLock speedFull tech treeHidden civsTurbo modeCheats
Victory
Defeat
🇨🇿 Magyars · Czechia
760
+11
🇨🇿 Burgundians · Czechia
753
+12
🇺🇸 Teutons · United States
642
+16
🇪🇸 Britons · Spain
532
+21
🇹🇼 Jurchens · Taiwan
693
-17
🇨🇳 Sicilians · China
683
-16
🇨🇳 Byzantines · China
640
-15
🇹🇼 Britons · Taiwan
578
-12
jp1363
7:55 Loom
11:32 Feudal Age
12:30 Double-Bit Axe
14:46 Horse Collar
16:57 Fletching
21:02 Wheelbarrow
26:29 Castle Age
25:30 Gold Mining
25:36 Stone Mining
27:18 Heavy Plow
27:32 Bow Saw
28:31 Gold Shaft Mining
29:04 Bodkin Arrow
31:25 Ballistics
34:36 Imperial Age
32:18 Treadmill Crane
32:59 Padded Archer Armor
34:04 Yeomen
34:46 Leather Archer Armor
35:21 Bracer
37:35 Two-Man Saw
38:49 Chemistry
39:56 Hand Cart
40:13 Conscription
40:13 Masonry
40:47 Elite Longbowman
42:43 Warwolf
44:12 Town Watch
45:38 Caravan
47:37 Siege Engineers
48:12 Ring Archer Armor
49:32 Hoardings
49:39 Arrowslits
51:02 Architecture
52:46 Fortified Wall
55:09 Murder Holes
58:49 Forging
67:22 Fortified Wall
2824533090
10:24 Feudal Age
15:33 Gold Mining
19:13 Castle Age
19:35 Double-Bit Axe
24:48 Wheelbarrow
24:32 Bow Saw
24:12 Horse Collar
27:25 Gold Shaft Mining
27:37 Stone Mining
29:32 Heavy Plow
34:50 Imperial Age
32:45 Hand Cart
34:42 Stone Shaft Mining
37:30 Chemistry
36:11 Treadmill Crane
36:54 Conscription
36:11 Capped Ram
36:57 Pikeman
37:41 Squires
37:28 Arson
37:30 Gambesons
37:32 Halberdier
37:32 Man-at-Arms
39:13 Scale Barding Armor
39:08 Scale Mail Armor
39:19 Forging
40:16 Two-Man Saw
39:50 Crop Rotation
40:15 Husbandry
42:01 Hoardings
40:53 Cavalier
41:49 Arrowslits
42:34 Ballistics
42:46 Paladin
43:00 Long Swordsman
43:33 Two-Handed Swordsman
43:42 Heavy Camel Rider
48:46 Siege Ram
51:46 Chain Barding Armor
51:41 Chain Mail Armor
52:02 Iron Casting
51:55 Bombard Tower
52:51 Elite Cataphract
56:43 Caravan
57:25 Plate Barding Armor
57:06 Champion
AK
0:31 Loom
15:21 Feudal Age
16:56 Wheelbarrow
16:12 Double-Bit Axe
19:48 Horse Collar
20:29 Gold Mining
25:53 Stone Mining
30:50 Castle Age
31:06 Forging
30:56 Scale Mail Armor
31:01 Scale Barding Armor
33:05 Gold Shaft Mining
33:09 Stone Shaft Mining
34:23 Hand Cart
34:10 Heavy Plow
34:22 Bow Saw
34:57 Masonry
35:49 Iron Casting
35:29 Chain Mail Armor
36:00 Murder Holes
36:31 Ballistics
38:23 Fletching
39:42 Bodkin Arrow
45:58 Imperial Age
49:31 Imperial Age
老多金仙人
1:42 Loom
10:30 Feudal Age
11:17 Double-Bit Axe
17:01 Castle Age
14:54 Stone Mining
14:57 Gold Mining
15:59 Fishing Lines
18:38 Wheelbarrow
22:44 Treadmill Crane
25:14 Fortified Wall
26:49 Gillnets
27:56 Ballistics
32:17 Imperial Age
30:52 Fletching
32:34 Bow Saw
33:02 Gold Shaft Mining
33:04 Stone Shaft Mining
33:03 Caravan
33:57 Bodkin Arrow
35:09 Chemistry
33:38 Heavy Rocket Cart
37:12 Siege Engineers
37:32 Conscription
38:09 Hand Cart
39:02 Two-Man Saw
38:48 Murder Holes
40:44 Fortified Bastions
41:14 Guilds
42:16 Thunderclap Bombs
44:22 Hoardings
43:49 Guard Tower
43:45 Arrowslits
44:49 Bodkin Arrow
44:56 Padded Archer Armor
45:09 Masonry
45:41 Keep
46:00 Bracer
46:33 Architecture
45:46 Heavy Cavalry Archer
50:08 Leather Archer Armor
55:22 Ring Archer Armor
Gracious__Buds
0:31 Loom
13:25 Feudal Age
14:42 Wheelbarrow
13:56 Double-Bit Axe
14:13 Stone Mining
21:22 Castle Age
19:22 Gold Mining
20:22 Fletching
20:40 Scale Mail Armor
22:30 Hand Cart
21:59 Horse Collar
22:49 Bow Saw
22:48 Heavy Plow
25:23 Stone Shaft Mining
28:56 Bodkin Arrow
33:02 Imperial Age
31:30 Forging
31:36 Chain Mail Armor
31:37 Caravan
32:09 Coinage
34:17 Crop Rotation
34:59 Two-Man Saw
34:35 Crenellations
36:00 Ironclad
36:04 Conscription
36:40 Elite Teutonic Knight
39:11 Chemistry
38:33 Ballistics
37:59 Arrowslits
39:37 Plate Mail Armor
39:43 Iron Casting
40:18 Hoardings
43:11 Blast Furnace
52:47 Guilds
53:07 Banking
54:33 Cavalier
55:24 Bloodlines
54:59 Man-at-Arms
55:25 Gambesons
55:41 Squires
60:22 Long Swordsman
60:50 Paladin
62:26 Two-Handed Swordsman
62:53 Arson
63:02 Champion
Belay
0:36 Loom
14:23 Feudal Age
19:53 Double-Bit Axe
19:51 Horse Collar
24:55 Castle Age
24:59 Fletching
25:10 Padded Archer Armor
25:07 Arson
25:21 Gold Mining
25:21 Stone Mining
26:50 Gambesons
27:05 Squires
26:26 Pikeman
26:54 Town Watch
28:15 Bodkin Arrow
28:36 Leather Archer Armor
30:06 Forging
31:01 Heavy Plow
31:13 Bow Saw
37:32 Yeomen
37:16 Town Patrol
40:08 Ballistics
39:59 Masonry
39:44 Murder Holes
40:02 Fortified Wall
43:11 Imperial Age
41:47 Iron Casting
41:12 Scale Mail Armor
43:24 Gold Shaft Mining
44:58 Chemistry
43:43 Arrowslits
44:05 Siege Engineers
44:30 Architecture
43:40 Capped Ram
43:44 Halberdier
46:55 Elite Longbowman
47:56 Conscription
57:39 Warwolf
64:57 Caravan
65:45 Hoardings
65:50 Wheelbarrow
69:24 Light Cavalry
70:05 Husbandry
lahwy
0:49 Loom
12:16 Feudal Age
13:13 Double-Bit Axe
14:14 Horse Collar
15:18 Gold Mining
15:18 Stone Mining
15:24 Stone Mining
23:56 Castle Age
25:20 Bow Saw
25:49 Husbandry
26:01 Bloodlines
26:00 Heavy Plow
26:55 Gold Shaft Mining
27:41 Coinage
27:12 Caravan
30:25 Town Watch
32:27 Wheelbarrow
32:30 Corvinian Army
34:08 Treadmill Crane
37:37 Imperial Age
35:09 Town Patrol
35:50 Scale Barding Armor
35:36 Fletching
36:11 Ballistics
36:18 Hand Cart
37:51 Masonry
37:33 Heated Shot
39:24 Parthian Tactics
39:05 Thumb Ring
39:11 Recurve Bow
40:22 Elite Magyar Huszar
41:38 Chain Barding Armor
41:14 Bodkin Arrow
41:21 Padded Archer Armor
41:21 Scale Mail Armor
43:16 Chemistry
42:22 Siege Engineers
42:57 Banking
43:01 Heavy Cavalry Archer
44:44 Plate Barding Armor
44:10 Bracer
45:10 Scale Mail Armor
45:25 Leather Archer Armor
62:28 Elite Skirmisher
LangyMeister
7:39 Loom
8:45 Double-Bit Axe
11:43 Feudal Age
10:18 Horse Collar
12:27 Heavy Plow
12:41 Bow Saw
24:22 Castle Age
24:13 Gold Mining
24:14 Stone Mining
25:28 Wheelbarrow
26:11 Caravan
26:41 Coinage
26:26 Guilds
27:37 Gold Shaft Mining
27:39 Stone Shaft Mining
27:34 Forging
27:30 Scale Barding Armor
30:59 Iron Casting
30:58 Chain Barding Armor
32:11 Two-Man Saw
34:49 Hand Cart
37:47 Imperial Age
38:00 Elite Coustillier
38:49 Burgundian Vineyards
41:54 Blast Furnace
42:21 Husbandry
41:42 Light Cavalry
44:18 Chemistry
63:40 Banking
Connection lost

Rejoining the realm…

Still unreachable

The connection could not be restored.

Session expired

The server has moved on; the page needs a fresh start.